 Dungeon Crawl Stone Soup version 0.29-a0-919-gd064cfad1c (webtiles) character file.

Game seed: 7818141673805237818

3777 avis the Frost Mage (level 9, -7/112 HPs)
             Began as a Demigod Ice Elementalist on July 25, 2022.
             Mangled by a slime creature (12 damage)
             ... on level 8 of the Dungeon on July 26, 2022.
             The game lasted 01:17:52 (10150 turns).

avis the Frost Mage (Demigod Ice Elementalist)     Turns: 10150, Time: 01:17:54

Health: -7/112     AC: 21    Str:  9    XL:     9   Next: 63%
Magic:  16/20      EV: 16    Int: 17    God:
Gold:   377        SH:  0    Dex: 26    Spells: 8/18 levels left

rFire   + . .      SeeInvis .   a - +1 scimitar (flame)
rCold   . . .      Faith    .   (no shield)
rNeg    . . .      Spirit   .   P - +2 robe
rPois   +          Reflect  .   z - +0 helmet
rElec   .          Harm     .   N - +2 cloak
rCorr   .          Rampage  .   p - +2 pair of gloves {hurl}
Will    .....                   i - +2 pair of boots
Stlth   ..........              (no amulet)
HPRegen 0.28/turn               x - ring of protection from fire
MPRegen 0.17/turn               C - ring of poison resistance

@: berserking, ice-armoured, very quick
A: high MP 1, forlorn, divine attributes
a: no special abilities


You were on level 8 of the Dungeon.
You visited 2 branches of the dungeon, and saw 9 of its levels.

You collected 433 gold pieces.
You spent 56 gold pieces at shops.

Inventory:

Hand Weapons
 a - a +1 scimitar of flaming (weapon)
 b - a +0 shortbow
 c - a +0 dagger of venom
 w - a +0 rapier
 M - a +0 sling
 O - a +0 long sword
 Q - a +1 flail of draining
 U - a +2 vorpal hand axe
Missiles
 o - 5 atropa-tipped darts (quivered)
 s - 5 poisoned darts
 B - 2 throwing nets
Armour
 g - an orb of mayhem
 i - a +2 pair of boots (worn)
 k - a +0 robe
 p - a +2 pair of gloves of hurling (worn)
 t - a +0 buckler
 z - a +0 helmet (worn)
 N - a +2 cloak (worn)
 P - a +2 robe (worn)
 S - a +0 kite shield
Jewellery
 x - a ring of protection from fire (left hand)
 C - a ring of poison resistance (right hand)
 E - a ring of protection from cold
 R - a ring of positive energy
Wands
 D - a wand of paralysis (23)
 K - a wand of polymorph (10)
Scrolls
 d - 3 scrolls of teleportation {unknown}
 e - 2 scrolls of immolation {unknown}
 l - 5 scrolls of brand weapon {unknown}
 m - a scroll of summoning
 n - 2 scrolls of enchant armour {unknown}
 v - 3 scrolls of amnesia {unknown}
 y - 2 scrolls of vulnerability {unknown}
 A - a scroll of enchant weapon {unknown}
 G - a scroll of silence
 H - a scroll of noise {unknown}
Potions
 f - a potion of invisibility
 h - a potion of cancellation
 q - a potion of magic
 r - a potion of berserk rage
 u - a potion of flight
 F - a potion of brilliance
 I - a potion of ambrosia
 L - 2 potions of haste
 T - a potion of mutation
 V - a potion of attraction {unknown}
Miscellaneous
 J - a piece from Xom's chessboard (15/15)


   Skills:
 * Level 6.1 Fighting
 - Level 4.0 Ranged Weapons
 - Level 5.0 Dodging
 - Level 4.0 Stealth
 - Level 5.0 Spellcasting
 - Level 2.0 Translocations
 - Level 8.0 Ice Magic


You had 8 spell levels left.
You knew the following spells:

 Your Spells              Type           Power      Damage    Failure   Level
a - Freeze                Ice            100%       1d11      1%          1
o - Ozocubu's Armour      Ice            31%        N/A       1%          3
r - Frozen Ramparts       Ice            62%        1d8       1%          3
t - Teleport Other        Tloc           11%        N/A       19%         3

Your spell library contained the following spells:

 Spells                   Type           Power      Damage    Failure   Level
 Apportation              Tloc           22%        N/A       6%          1
 Necrotise                Necr           16%        1d4       14%         1
 Summon Small Mammal      Summ           16%        N/A       14%         1
 Gell's Gravitas          Tloc           11%        N/A       19%         3
 Lesser Beckoning         Tloc           11%        N/A       19%         3
 Hailstorm                Conj/Ice       17%        3d6       26%         4
 Conjure Flame            Conj/Fire      4%         6-21      38%         3
 Ignite Poison            Fire/Tmut/Pois 4%         N/A       38%         3
 Sticky Flame             Conj/Fire      4%         2d3       80%         4
 Summon Forest            Summ/Tloc      3%         N/A       95%         5
 Dispersal                Tloc           5%         N/A       100%        6
 Eringya's Noxious Bog    Tmut/Pois      2%         N/A       100%        6
 Summon Hydra             Summ           2%         N/A       100%        7
 Disjunction              Tloc           5%         N/A       100%        8


Dungeon Overview and Level Annotations

Branches:
Dungeon (8/15)             Temple (1/1) D:6
   Lair: D:8-11

Shops:
D:3 ?   D:5 [

Annotations:
D:3 3 runed translucent doors, lesbiats's ghost, novice GnCj
D:6 1 runed translucent door, exclusion: door, Crazy Yiuf
D:8 Amaemon


Innate Abilities, Weirdness & Mutations

You have an increased reservoir of magic. (+10% MP)
You shall have no god before yourself.
Your divine heritage dramatically boosts your attributes as you level up.


Message History

The wall freezes the very large slime creature!
The very large slime creature hits you!!!
Ouch! That really hurt!
* * * LOW HITPOINT WARNING * * *
The wall freezes the slime creature!
The slime creature misses you.
The wall freezes the slime creature.
The slime creature hits you!
* * * LOW HITPOINT WARNING * * *
You feel better.
The wall freezes the very large slime creature.
The very large slime creature closely misses you.
The wall freezes the slime creature!
You kill the slime creature!
The wall freezes the slime creature.
The slime creature hits you but does no damage.
Training target 4.0 for Stealth reached!
Your Stealth skill increases to level 4!
You need to enable at least one skill for training.
A red film seems to cover your vision as you go berserk!
You feel yourself moving faster!
You feel mighty!
The wall freezes the slime creature.
The slime creature hits you but does no damage.
The wall freezes the very large slime creature!
A very large slime creature splits.
You slice the large slime creature!! You burn the large slime creature!
The large slime creature is heavily wounded.
A slime creature comes into view.
The wall freezes the large slime creature!
The large slime creature hits you!
* * * LOW HITPOINT WARNING * * *
The wall freezes the slime creature!
The slime creature completely misses you.
The wall freezes the slime creature!
The slime creature misses you.
You hit the slime creature. You burn the slime creature.
The slime creature is moderately wounded.
The frozen ramparts melt away.
The large slime creature hits you!
* * * LOW HITPOINT WARNING * * *
The slime creature hits you.
* * * LOW HITPOINT WARNING * * *
The slime creature hits you!
You die...

...........######
#. ...........#
#. ...........#
#. ...........#
#. ########'###
## #.# #####.#
#.....# #@#####
#..JJJ.# #......#
#......# #......#
#......# ....J..#
#.......#


You could see a large slime creature and 3 slime creatures.

Vanquished Creatures
  Erica (D:8)
  Pikel (D:7)
  A slime creature (D:8)
  A vampire (D:8)
  2 humans (D:7)
  An acid dragon (D:7)
  Edmund (D:5)
  An orc warrior (D:8)
  A sky beast (D:6)
  A black bear (D:4)
  2 centaurs (D:8)
  A necrophage (D:5)
  A bullfrog (D:6)
  4 scorpions
  5 killer bees
  A howler monkey (D:7)
  2 hounds
  3 orc priests
  A jelly (D:4)
  3 gnoll boudas
  7 iguanas
  2 orc wizards
  17 gnolls
  10 adders
  A shadow imp (D:7)
  3 white imps
  3 worms
  A dart slug (D:1)
  12 orcs
  6 endoplasms
  2 giant cockroaches
  8 goblins
  5 hobgoblins
  3 kobolds
  5 quokkas
  3 ball pythons
  3 bats
  3 frilled lizards
  6 rats
  2 butterflies (D:7)
136 creatures vanquished.

Notes
Turn   | Place    | Note
-------+----------+-------------------------------------------
     0 | D:1      | avis the Demigod Ice Elementalist began the quest for the
                  | Orb.
     0 | D:1      | Reached XP level 1. HP: 14/14 MP: 5/5
   164 | D:1      | Reached skill level 1 in Fighting
   446 | D:1      | Reached XP level 2. HP: 22/23 MP: 2/7
   677 | D:1      | Reached skill level 4 in Ice Magic
  1311 | D:2      | Reached XP level 3. HP: 29/29 MP: 5/8
  1315 | D:2      | Learned a level 3 spell: Ozocubu's Armour
  2078 | D:3      | Found Seugaqi's Magic Scroll Emporium.
  2085 | D:3      | Bought a scroll of identify for 28 gold pieces
  2085 | D:3      | Bought a scroll of identify for 28 gold pieces
  2356 | D:3      | Reached XP level 4. HP: 15/36 MP: 2/10
  2582 | D:3      | Learned a level 3 spell: Frozen Ramparts
  2686 | D:3      | Found a runed translucent gate.
  2687 | D:3      | Found a runed translucent gate.
  2689 | D:3      | Found a runed translucent gate.
  2694 | D:3      | Noticed lesbiats's ghost (novice GnCj)
  3393 | D:4      | Reached XP level 5. HP: 41/41 MP: 5/12
  3588 | D:4      | Reached skill level 5 in Ice Magic
  3879 | D:4      | Reached XP level 6. HP: 51/51 MP: 3/14
  4455 | D:5      | Entered Level 5 of the Dungeon
  4582 | D:5      | Reached skill level 6 in Ice Magic
  4673 | D:4      | Reached XP level 7. HP: 57/57 MP: 9/16
  5014 | D:5      | Noticed Edmund
  5023 | D:5      | Killed Edmund
  5599 | D:5      | Found Kiqul's Armour Emporium.
  6069 | D:5      | Reached skill level 7 in Ice Magic
  6509 | D:6      | Reached XP level 8. HP: 66/66 MP: 10/17
  6558 | D:6      | Identified the +1 chain mail "Ciqifri" {Harm Int+4 SInv}
  6835 | D:6      | Upgraded the game from 0.29-a0-911-g88e6f02907 to
                  | 0.29-a0-919-gd064cfad1c
  7183 | D:6      | Reached skill level 1 in Ranged Weapons
  7221 | D:6      | Learned a level 3 spell: Teleport Other
  7282 | D:6      | Found a runed translucent door.
  7283 | D:6      | Noticed Crazy Yiuf
  7479 | D:6      | Found a staircase to the Ecumenical Temple.
  7490 | D:6      | Identified the +1 ring mail "Jukuq" {rF+ Will+ Slay+4}
  7660 | Temple   | Entered the Ecumenical Temple
  7938 | D:7      | Noticed Pikel
  7945 | D:6      | Reached skill level 1 in Translocations
  8154 | D:7      | Killed Pikel
  8155 | D:7      | Reached skill level 5 in Fighting
  8158 | D:7      | Reached skill level 5 in Spellcasting
  8651 | D:7      | Reached XP level 9. HP: 52/74 MP: 13/20
  8667 | D:7      | Reached skill level 8 in Ice Magic
  9291 | D:8      | Noticed Erica
  9309 | D:8      | Killed Erica
  9310 | D:8      | Reached skill level 5 in Dodging
  9923 | D:8      | Noticed Amaemon
  9938 | D:8      | Noticed an orange demon
 10150 | D:8      | HP: 5/112 [slime creature (1)]
 10150 | D:8      | Mangled by a slime creature

Illustrated notes

Levels and vault maps discovered:
D:1:      minmay_arrival_up_and_down, layout_basic, minmay_tripent
D:2:      layout_basic, hangedman_decor_growths
D:3:      layout_loops_ring, nicolae_uskayaw_suspiria, serial_shops, shop,
          biasface_ghost_orc_armoury
D:4:      layout_rooms
D:5:      layout_loops_corners, serial_shops, shop_fountains,
          minmay_quadrilaterals, uniq_edmund
D:6:      layout_basic, temple_statues, uniq_crazy_yiuf_cottage
D:7:      layout_rooms, xom_butterflies, okawaru_humans, lemuel_round_altar,
          uniq_pikel
D:8:      layout_basic, nicolae_hepliaklqana_hippocampus,
          kennysheep_generic_room_11, uniq_erica, uniq_psyche, uniq_amaemon
Temple:   minmay_crystal_spiral_temple

Skill      XL: |  1  2  3  4  5  6  7  8  9 |
---------------+----------------------------+-----
Fighting       | 1 2 3 4 5 6 |  6.1
Spellcasting   | 2 3 4 5 |  5.0
Ice Magic      | 4 5 6 7 8 |  8.0
Dodging        | 2 3 4 5 |  5.0
Stealth        | 2 3 4 |  4.0
Ranged Weapons | 2 4 |  4.0
Translocations | 2 |  2.0

Action                   |  1- 3 |  4- 6 |  7- 9 || total
-------------------------+-------+-------+-------++-------
Melee: Dagger            |    12 |       |     3 ||    15
       Punch             |     2 |       |       ||     2
       Rapier            |    15 |    32 |    57 ||   104
       Long sword        |       |       |    36 ||    36
       Scimitar          |       |       |     8 ||     8
 Fire: Sling             |     8 |    77 |    50 ||   135
       Shortbow          |       |       |    27 ||    27
Throw: Dart              |     6 |     6 |       ||    12
 Cast: Freeze            |    64 |     9 |     5 ||    78
       Ozocubu's Armour  |     4 |    18 |    37 ||    59
       Frozen Ramparts   |       |    17 |    40 ||    57
  Use: Scroll            |     4 |       |     7 ||    11
       Potion            |       |       |     4 ||     4
 Stab: Sleeping          |     4 |       |       ||     4
Armor: Robe              |    10 |    25 |    60 ||    95
Dodge: Dodged            |    48 |    32 |   117 ||   197
Block: Buckler           |       |       |     6 ||     6

Table legend: (Time is in decaauts)
 A = Elapsed time spent in this place.
 B = Non-inter-level travel time spent in this place.
 C = Inter-level travel time spent in this place.
 D = Time resting spent in this place.
 E = Time spent auto-exploring this place.
 F = Levels seen in this place.
 G = Mean time per level.
                   A        B        C        D        E       F      G
               +--------+--------+--------+--------+--------+-----+--------+
         Total |  10218 |   9384 |    834 |   3765 |   3524 |   9 | 1135.3 |
       Dungeon |  10154 |   9324 |    830 |   3765 |   3524 |   8 | 1269.2 |
        Temple |     63 |     60 |      3 |      0 |      0 |   1 |   63.0 |
               +--------+--------+--------+--------+--------+-----+--------+

Top non-repeatable levels by time:
     D:5: 1900 daAuts
     D:6: 1689 daAuts
     D:3: 1376 daAuts
     D:4: 1303 daAuts
     D:1: 1195 daAuts
     D:7: 1070 daAuts
     D:8: 920 daAuts
     D:2: 699 daAuts
  Temple: 63 daAuts
